 Dungeon Crawl Stone Soup version 0.30-a0-43-gbbf338a72c (webtiles) character file.

Game seed: 17229529227226449609

219 Newt the Cutter (level 5, -2/42 HPs)
             Began as a Demonspawn Gladiator on Aug 31, 2022.
             Slain by a thrashing horror (3 damage)
             ... on level 2 of the Abyss.
             The game lasted 00:07:05 (3797 turns).

Newt the Cutter (Demonspawn Gladiator)              Turns: 3797, Time: 00:07:06

Health: -2/42      AC:  9    Str: 13 (16) XL:     5   Next: 64%
Magic:  0/4        EV: 11    Int:  6 (10) God:
Gold:   293        SH:  7    Dex: 12 (14) Spells: 4/4 levels left

rFire   . . .      SeeInvis +    a - +0 short sword (distort)
rCold   . . .      Faith    .    x - +0 buckler
rNeg    . . .      Spirit   +    y - +0 leather armour
rPois   .          Reflect  .    c - +1 helmet
rElec   .          Harm     .    (no cloak)
rCorr   .          Rampage  .    (no gloves)
Will    .....                    (no boots)
Stlth   ++........               j - amulet of guardian spirit
HPRegen 0.14/turn                l - ring of see invisible
MPRegen 0.09/turn                (no ring)

@: no status effects
A: icemail 1, condensation shield, weakness stinger 1, low MP 1
a: no special abilities


You were on level 2 of the Abyss.
You visited 1 branch of the dungeon, and saw 4 of its levels.
You visited the Abyss 1 time.

You collected 293 gold pieces.

Inventory:

Hand Weapons
 a - a +0 short sword of distortion (weapon)
 b - a +1 sling of freezing
 v - a +0 rapier
Missiles
 e - 7 javelins (quivered)
 s - 5 boomerangs
Armour
 c - a +1 helmet (worn)
 r - the +1 ring mail "Tucs" {rC++ Str-4 Dex+3}
   (You found it on level 2 of the Dungeon)

   Str:       It affects your strength (-4).
   Dex:       It affects your dexterity (+3).
   rC:        It greatly protects you from cold.
 x - a +0 buckler (worn)
 y - a +0 leather armour (worn)
Jewellery
 j - an amulet of guardian spirit (around neck)
 l - a ring of see invisible (left hand)
Scrolls
 m - a scroll of enchant armour
 n - a scroll of teleportation
 t - a scroll of fear
 w - a scroll of immolation {unknown}
Potions
 f - a potion of mutation
 g - a potion of might
 h - 4 potions of curing


   Skills:
 - Level 4.0 Fighting
 - Level 4.0 Short Blades
 + Level 1.5 Ranged Weapons
 - Level 1.7 Throwing
 - Level 2.6 Dodging
 - Level 2.0 Stealth


You had 4 spell levels left.
You didn't know any spells.
Your spell library was empty.

Dungeon Overview and Level Annotations

Branches:
Dungeon (4/15)
 Temple: D:4-7

Altars:
Fedhas
Nemelex Xobeh
Ru


Innate Abilities, Weirdness & Mutations

A meltable icy envelope protects you from harm. (AC +4)
A meltable shield of frost defends you. (SH +4)
You have a small tail.
Your magical capacity is low. (-10% MP)


Message History

The thrashing horror moves out of view.
The thrashing horror roars!
You block the thrashing horror's attack.
The thrashing horror tramples you but does no damage.
The thrashing horror attacks as you move away!
The thrashing horror tramples you!
You block the thrashing horror's attack. x3
Throw: 3 throwing nets
Press: ? - help, Q - select action, (/) - cycle Shift-Dir - straight line, f - thrashing horror
Aim: a thrashing horror (59% to hit)
You throw a throwing net.
The throwing net closely misses the thrashing horror.
The thrashing horror closely misses you.
The thrashing horror tramples you but does no damage.
Throw: 2 throwing nets
Press: ? - help, Q - select action, (/) - cycle Shift-Dir - straight line, f/p - thrashing horror
Aim: a thrashing horror (59% to hit)
You throw a throwing net.
The throwing net closely misses the thrashing horror.
Unknown command.
Throw: throwing net
Press: ? - help, Q - select action, (/) - cycle Shift-Dir - straight line, f/p - thrashing horror
Aim: a thrashing horror (59% to hit)
You throw a throwing net.
The throwing net hits the thrashing horror.
The thrashing horror is caught in the net!
The thrashing horror struggles against the net. x2
The thrashing horror struggles against the net.
The net rips apart, and the thrashing horror comes free!
The smoke demon gestures at you. The ball of steam misses you.
You block the thrashing horror's attack.
The thrashing horror tramples you but does no damage.
The thrashing horror attacks as you move away!
The thrashing horror tramples you!
* * * LOW HITPOINT WARNING * * *
The thrashing horror tramples you.
* * * LOW HITPOINT WARNING * * *
The thrashing horror tramples you.
You die...

#.# .. .... ... ...
#.##### ..# . .
#(.#..#######.#... .. #
.....#.#........
...#.#.§..§....## .##
....#(.3#.#X@.#
..#......§##..........#
...#....###.###....##.
..###3 #.#. ...## ..
#..#...### . ##.# ..
##....#.. ## .# #
#.#..##.## . . #..##.
#3# .. #... ..## #.


You could see a thrashing horror.

Vanquished Creatures
  A phantom (D:4)
  An orc wizard (D:4)
  Robin (D:3)
  An adder (D:2)
  An ufetubus (D:3)
  2 worms
  A dart slug (D:1)
  2 orcs (D:4)
  2 bats (D:2)
  7 endoplasms
  A giant cockroach (D:2)
  11 hobgoblins
  4 jackals (D:2)
  4 quokkas
  8 ball pythons
  A frilled lizard (D:1)
  18 goblins
  5 kobolds
  4 rats
75 creatures vanquished.

Vanquished Creatures (others)
  4 toadstools (D:1)
4 creatures vanquished.

Grand Total: 79 creatures vanquished

Notes
Turn   | Place    | Note
-------+----------+-------------------------------------------
     0 | D:1      | Newt the Demonspawn Gladiator began the quest for the Orb.
     0 | D:1      | Reached XP level 1. HP: 16/16 MP: 1/1
    75 | D:1      | Reached skill level 1 in Stealth
   601 | D:1      | Gained mutation: A meltable shield of frost defends you.
                  | (SH +4) [demonic ancestry]
   601 | D:1      | Reached XP level 2. HP: 15/22 MP: 0/2
  1425 | D:2      | Gained mutation: A meltable icy envelope protects you from
                  | harm. (AC +4) [demonic ancestry]
  1425 | D:2      | Reached XP level 3. HP: 17/27 MP: 3/3
  1748 | D:2      | Found a faded altar of an unknown god.
  1881 | D:2      | Identified the +1 ring mail "Tucs" {rC++ Str-4 Dex+3}
  2611 | D:3      | Reached XP level 4. HP: 33/33 MP: 4/4
  2781 | D:3      | Found a blossoming altar of Fedhas.
  2782 | D:3      | Found a sacrificial altar of Ru.
  2791 | D:3      | Found a sparkling altar of Nemelex Xobeh.
  2899 | D:3      | Noticed Robin
  3210 | D:3      | Killed Robin
  3415 | D:4      | Gained mutation: You have a small tail. [demonic ancestry]
  3415 | D:4      | Reached XP level 5. HP: 31/41 MP: 5/5
  3588 | D:4      | Noticed a phantom
  3612 | D:4      | Killed a phantom
  3613 | D:4      | Reached skill level 1 in Ranged Weapons
  3613 | Abyss:1  | Cast into level 1 of the Abyss (unwielding a weapon of
                  | distortion)
  3634 | Abyss:1  | Noticed a freezing wraith
  3639 | Abyss:1  | Found a shimmering blue altar of Sif Muna.
  3639 | Abyss:1  | Noticed an orc high priest
  3639 | Abyss:1  | Noticed a shadow demon
  3641 | Abyss:1  | Noticed a boggart
  3642 | Abyss:1  | Noticed a kobold demonologist
  3643 | Abyss:1  | Noticed a boggart
  3643 | Abyss:1  | Noticed an orc high priest
  3644 | Abyss:1  | Noticed a hellion
  3644 | Abyss:1  | Noticed a golden eye
  3644 | Abyss:1  | Noticed a golden eye
  3644 | Abyss:1  | Noticed a shadow demon
  3644 | Abyss:1  | Noticed a kobold demonologist
  3645 | Abyss:1  | Noticed a red draconian
  3648 | Abyss:1  | Noticed an orange demon
  3648 | Abyss:1  | Noticed a ynoxinul
  3649 | Abyss:1  | Noticed a spriggan defender skeleton
  3649 | Abyss:1  | Noticed a hellwing
  3649 | Abyss:1  | Noticed a hellwing
  3650 | Abyss:1  | Noticed a rust devil
  3652 | Abyss:1  | Noticed a hellwing
  3653 | Abyss:1  | Noticed a hellwing
  3654 | Abyss:1  | Noticed a small abomination
  3712 | Abyss:2  | Noticed a neqoxec
  3715 | Abyss:2  | Noticed a ynoxinul
  3721 | Abyss:2  | Gained mutation: Your magical capacity is low. (-10% MP) [a
                  | neqoxec]
  3724 | Abyss:2  | Noticed a large abomination
  3786 | Abyss:2  | Noticed a thrashing horror
  3786 | Abyss:2  | Noticed a smoke demon
  3797 | Abyss:2  | HP: 1/42 [thrashing horror (4)]
  3797 | Abyss:2  | Slain by a thrashing horror

Illustrated notes

Levels and vault maps discovered:
D:1:      minmay_arrival_open_corners, layout_basic, minivault_27,
          minmay_gold_behind_fungi, corner_web_ring
D:2:      layout_basic, hellmonk_ecumenical_altar_leap_of_faith,
          minmay_heptomino_h4
D:3:      layout_loops_cross, mainiacjoe_overflow_alcove_3, uniq_robin
D:4:      layout_cave_pods, minmay_goblin_outpost
Abyss:2:  base: D:4, evilmike_abyss_exit_glass

Skill      XL: |  1  2  3  4  5 |
---------------+----------------+-----
Stealth        | 1 2 |  2.0
Short Blades   | 3 4 |  4.0
Fighting       | 3 4 |  4.0
Ranged Weapons | 1 |  1.5
Throwing       | |  1.7
Dodging        | |  2.6

Action                   |  1- 3 |  4- 6 || total
-------------------------+-------+-------++-------
Melee: Rapier            |   153 |    52 ||   205
       Punch             |     1 |     2 ||     3
       Short sword       |       |    54 ||    54
       Tailslap          |       |     3 ||     3
       Sling             |       |     2 ||     2
 Fire: Sling             |       |     7 ||     7
Throw: Throwing net      |       |     3 ||     3
  Use: Scroll            |     8 |     3 ||    11
       Potion            |       |     7 ||     7
 Stab: Sleeping          |     3 |       ||     3
Armor: Leather armour    |    53 |    41 ||    94
Dodge: Dodged            |    94 |    50 ||   144
Block: Other             |    26 |     5 ||    31
       Buckler           |       |    24 ||    24

Table legend: (Time is in decaauts)
 A = Elapsed time spent in this place.
 B = Non-inter-level travel time spent in this place.
 C = Inter-level travel time spent in this place.
 D = Time resting spent in this place.
 E = Time spent auto-exploring this place.
 F = Levels seen in this place.
 G = Mean time per level.
                   A        B        C        D        E       F      G
               +--------+--------+--------+--------+--------+-----+--------+
         Total |   3778 |   3612 |    166 |    579 |   2306 |   6 |  629.7 |
       Dungeon |   3616 |   3450 |    166 |    579 |   2286 |   4 |  904.0 |
         Abyss |    161 |    161 |      0 |      0 |     20 |   2 |   80.5 |
               +--------+--------+--------+--------+--------+-----+--------+

Top non-repeatable levels by time:
     D:1: 1379 daAuts
     D:2: 957 daAuts
     D:3: 900 daAuts
     D:4: 379 daAuts
 Abyss:2: 121 daAuts
 Abyss:1: 40 daAuts
